 Dungeon Crawl Stone Soup version 0.31.0-11-ge490571c62 (webtiles) character file.

Game seed: 17953932370356558191

28 qw the Shooter (level 3, 0/20 HPs)
             Began as a Deep Elf Hunter on Feb 3, 2024.
             Succumbed to their own poison gas
             ... on level 1 of the Dungeon.
             The game lasted 00:00:02 (452 turns).

qw the Shooter (Deep Elf Hunter)                     Turns: 452, Time: 00:00:02

Health: 0/20       AC:  6    Str: 10    XL:     3   Next: 0%
Magic:  5/5        EV:  9    Int: 13    God:
Gold:   62         SH:  0    Dex: 24    Spells: 2/2 levels left

rFire   . . .        a - +0 shortbow (chaos)
rCold   . . .        (shield currently unavailable)
rNeg    . . .        i - +0 scale mail
rPois   .            (no helmet)
rElec   .            (no cloak)
rCorr   .            (no gloves)
SInv    .            (no boots)
Will    .....        (no amulet)
Stlth   +            f - +6 ring of dexterity
HPRegen 0.23/turn    (no ring)
MPRegen 0.09/turn

%: no passive effects
@: lethally poisoned (0 -> -1)
A: no striking features
a: no special abilities


You were on level 1 of the Dungeon.
You visited 1 branch of the dungeon, and saw 1 of its levels.

You collected 62 gold pieces.


   Skills:
 - Level 1.5 Fighting
 + Level 6.6 Ranged Weapons
 - Level 2.4 Dodging
 - Level 1.2 Stealth


You had 2 spell levels left.
You didn't know any spells.
Your spell library was empty.

Inventory:

Hand Weapons
 a - a +0 shortbow of chaos (weapon)
Armour
 i - a +0 scale mail (worn)
Jewellery
 f - a +6 ring of dexterity (left hand)

Dungeon Overview and Level Annotations

Branches:
Dungeon (1/15)

Altars:


Message History

442 ||| READING scroll of brand weapon.
442 ||| BRANDING +0 shortbow.
Your +0 shortbow erupts in a glittering mayhem of colour.
a - a +0 shortbow of chaos (weapon)
Done exploring.
443 ||| READING scroll labelled CATYIDGH BELI.
The air fills with toxic fumes!
As you read the scroll labelled CATYIDGH BELI, it crumbles to dust.
It was a scroll of poison.
Done exploring.
444 ||| DROPPING scroll of butterflies.
You drop a scroll of butterflies.
Done exploring.
What level of the Dungeon? (default 1, ? - help) Sorry, I don't know how to get there.
Enter note:
Enter note:
Enter note:
Enter note:
Enter note:
Enter note:
Enter note:
Enter note:
Enter note: You are engulfed in poison gas.
You are poisoned.
You feel very sick.
446 ||| Stepping ~*~*~tactically~*~*~ (cloud).
You feel sick.
Things that are here:
a scroll of butterflies; a +0 leather armour
There is a lethal amount of poison in your body!
You feel sick.
There is a lethal amount of poison in your body!
You feel sick.
There is a lethal amount of poison in your body!
You feel sick.
There is a lethal amount of poison in your body!
You feel sick.
There is a lethal amount of poison in your body!
You feel sick.
There is a lethal amount of poison in your body!
You die...

####### ## #0000@# #.
#+###0# ##### #. #.#
#¤#######...# #.
###.###¤¤.........# #.
######
#.[<..####..###...# #.
.....#######.#######.#
##..# ##.
.....+.............+.#
##.## #..
.....####.#####.####.#
#..###..
.......##.#####.##...#
##%##..)


There were no monsters in sight!

Vanquished Creatures
  A dart slug (D:1)
  4 ball pythons (D:1)
  A bat (D:1)
  4 endoplasms (D:1)
  A giant cockroach (D:1)
  6 goblins (D:1)
  A hobgoblin (D:1)
  A quokka (D:1)
  2 kobolds (D:1)
  A rat (D:1)
22 creatures vanquished.

Notes
Turn   | Place    | Note
-------+----------+-------------------------------------------
     0 | D:1      | qw the Deep Elf Hunter began the quest for the Orb.
     0 | D:1      | Reached XP level 1. HP: 12/12 MP: 3/3
     0 | D:1      | 0 ||| qw: Version: 0.3-a-155-g5e7d8dd
     0 | D:1      | 0 ||| qw: Game counter: 3535
     0 | D:1      | 0 ||| qw: Melee chars always use a shield: true
     0 | D:1      | 0 ||| qw: God list: Okawaru
     0 | D:1      | 0 ||| qw: Allow faded altars: false
     0 | D:1      | 0 ||| qw: Do Orc after clearing Dungeon:15 true
     0 | D:1      | 0 ||| qw: Do second Lair branch before Depths: true
     0 | D:1      | 0 ||| qw: Lair rune preference: random
     0 | D:1      | 0 ||| qw: Goals: Normal
     0 | D:1      | 0 ||| PLANNING D:1-11
    57 | D:1      | Reached XP level 2. HP: 16/16 MP: 4/4
    66 | D:1      | Reached skill level 6 in Ranged Weapons
   310 | D:1      | Reached XP level 3. HP: 20/20 MP: 5/5
   428 | D:1      | 428 ||| UPGRADING to +0 scale mail.
   438 | D:1      | 438 ||| DROPPING +0 leather armour.
   439 | D:1      | 439 ||| UPGRADING to +6 ring of dexterity.
   440 | D:1      | 440 ||| READING scroll labelled NOATIFFEISI.
   441 | D:1      | 441 ||| READING scroll labelled EGIL KUSAZAS.
   441 | D:1      | 441 ||| IDENTIFYING scroll labelled SINNUL FOPUFUG
   442 | D:1      | 442 ||| READING scroll of brand weapon.
   442 | D:1      | 442 ||| BRANDING +0 shortbow.
   443 | D:1      | 443 ||| READING scroll labelled CATYIDGH BELI.
   444 | D:1      | 444 ||| DROPPING scroll of butterflies.
   446 | D:1      | 446 ||| Stepping ~*~*~tactically~*~*~ (cloud).
   447 | D:1      | HP: 4/20 [poisoned by you (poison gas)]
   451 | D:1      | HP: 1/20 [poisoned by you (poison gas)]
   452 | D:1      | Succumbed to their own poison gas

Levels and vault maps discovered:
D:1:      shiori_shiawase, layout_rooms, minmay_tetromino_o2

Skill      XL: |  1  2 |
---------------+-------+-----
Ranged Weapons | 6 |  6.6
Fighting       | |  1.5
Dodging        | |  2.4
Stealth        | |  1.2

Action                     || total
---------------------------++-------
   Fire: Shortbow          ||    52
    Use: Scroll            ||     4
 Armour: Leather armour    ||     1
  Dodge: Dodged            ||     5

Table legend:
 A = Non-vault XP
 B = Vault XP
 C = Vault XP percentage of total XP
 D = Non-vault monster count
 E = Vault monster count
 F = Vault count percentage of total count
                 A         B        C        D         E       F
            +---------+---------+-------+---------+---------+-------
      Total |      39 |       2 |   4.9 |      21 |       1 |   4.5
            +---------+---------+-------+---------+---------+-------
        D:1 |      39 |       2 |   4.9 |      21 |       1 |   4.5
            +---------+---------+-------+---------+---------+-------
